Map: World of Sleepers LE

Players

RickDalton - Winner!

  • Race: Protoss Protoss
  • League: Silver
  • Spawn Location: 7:00

Djorn

  • Race: Protoss Protoss
  • League: Bronze
  • Spawn Location: 1:00

VOD

Have the link to the VOD?

Description

Time

  • Played on: Aug. 25, 2019, 4:34 p.m.
  • Length: 6:49
Show
View Real Time Build Order
Export as new Build Order

RickDalton Protoss - Winner!

Build Orders:  

Get SALT Encoding   

  1  0:00  Probe  
  12  0:06  Probe  
  14  0:19  Pylon  
  14  0:22  Probe  
  15  0:37  Probe  
  15  0:42  Forge  
  16  0:49  Probe  
  17  0:58  Assimilator  
  17  1:01  Probe  
  18  1:12  Pylon x2, Probe  
  19  1:29  Probe  
  19  1:32  Photon Cannon  
  20  1:42  Probe  
  21  1:49  Gateway  
  21  2:06  Nexus  
  21  2:15  Probe  
  22  2:30  Zealot  
  22  2:33  Probe  
  22  2:34  Protoss Ground Weapons Level 1  
  25  2:45  Probe  
  26  2:53  Cybernetics Core  
  26  2:57  Probe, Zealot  
  29  3:09  Probe  
  30  3:21  Probe  
  30  3:23  Probe  
  32  3:31  Stargate  
  32  3:33  Probe  
  33  3:35  Probe  
  34  3:45  Probe  
  34  3:47  Probe  
  36  3:56  Probe  
  36  3:58  Probe, Assimilator  
  36  4:01  Assimilator  
  36  4:02  Assimilator  
  38  4:04  Probe  
  39  4:10  Shield Battery  
  39  4:14  Probe  
  39  4:15  Oracle  
  43  4:26  Probe  
  44  4:33  Zealot  
  40  4:42  Protoss Air Weapons Level 1  
  42  4:52  Photon Cannon  
  42  4:58  Zealot  
  44  5:11  Void Ray  
  48  5:20  Zealot  
  46  5:41  Zealot  
  48  5:53  Void Ray  
  51  6:08  Stalker  
Show
View Real Time Build Order
Export as new Build Order

Djorn Protoss 

Build Orders:  

Get SALT Encoding   

  12  0:03  Probe  
  13  0:20  Pylon  
  13  0:22  Probe  
  14  0:34  Probe  
  15  0:44  Gateway, Probe  
  16  0:52  Probe  
  16  0:55  Assimilator  
  17  1:00  Probe  
  18  1:12  Probe  
  18  1:14  Gateway  
  19  1:20  Probe  
  20  1:28  Probe  
  21  1:34  Cybernetics Core  
  21  1:39  Probe  
  21  1:46  Pylon  
  22  1:51  Probe  
  23  1:57  Assimilator  
  23  2:04  Probe  
  24  2:12  Stalker  
  24  2:14  Stalker  
  26  2:21  Probe  
  29  2:33  Probe  
  30  2:38  Warp Gate  
  30  2:50  Pylon  
  30  3:00  Pylon  
  30  3:08  Adept, Stalker  
  30  3:12  Probe  
  35  3:40  Stalker  
  36  3:57  Robotics Facility  
  36  4:46  Warp Prism  
  38  5:06  Gateway  
  37  5:08  Gateway  
  37  5:10  Gateway  
  28  5:14  Immortal  
  28  5:18  Nexus  
  27  5:47  Probe  
  28  5:53  Immortal  
  32  5:59  Probe  
  33  6:11  Probe  
  30  6:23  Probe  
Tags
 
Matchup
PvP
Replay Pack
sc2replays
Spawn Locations
Cross Positions
Add a new tag
Caveats
  • Supply blocks, unpowered buildings, or Contaminate may cause inaccurate times.
  • Supply counts are checked every 10 seconds.